 Dungeon Crawl Stone Soup version 0.29.0-4-gdea44cf6ec (webtiles) character file.

Game seed: 3634868053354932955

36512 qw the Brawler (level 13, -1/127 HPs)
             Began as a Troll Cinder Acolyte on Aug 31, 2022.
             Was an Elder of Okawaru.
             Slain by a wyvern (6 damage)
             ... on level 5 of the Lair of Beasts.
             The game lasted 00:08:37 (13233 turns).

qw the Brawler (Troll Cinder Acolyte)              Turns: 13233, Time: 00:08:37

Health: -1/127     AC: 14    Str: 29    XL:     13   Next: 53%
Magic:  13/15      EV: 14    Int: 10    God:    Okawaru [****..]
Gold:   285        SH:  0    Dex:  5    Spells: 14/14 levels left

rFire   . . .      SeeInvis +     - Unarmed
rCold   . . .      Faith    .   (no shield)
rNeg    . . .      Spirit   .   c - +0 acid dragon scales
rPois   .          Reflect  .   m - +2 hat
rElec   .          Harm     .   h - scarf {repulsion}
rCorr   +          Rampage  .   (gloves unavailable)
Will    .....                   (boots unavailable)
Stlth   ++........              s - amulet of regeneration
HPRegen 1.91/turn               q - +4 ring of evasion
MPRegen 0.14/turn               g - ring of see invisible

@: lethally poisoned (-1 -> -12), about to teleport, heroic, repel missiles,
fire susceptible
A: large, unfitting armour, claws 3, regeneration 1, shaggy fur 1, tough skin 1,
iridescent scales 1
a: Renounce Religion, Heroism, Finesse


You were on level 5 of the Lair of Beasts.
You worshipped Okawaru.
Okawaru was greatly pleased with you.
You visited 3 branches of the dungeon, and saw 16 of its levels.

You collected 894 gold pieces.
You spent 609 gold pieces at shops.


Innate Abilities, Weirdness & Mutations

You are too large for most types of armour.
You have claws for hands.
Your natural rate of healing is unusually fast.
You are covered in fur. (AC +1)
You have tough skin. (AC +1)
You are partially covered in iridescent scales. (AC +2)


   Skills:
 - Level 8.0(13.0) Fighting
 - Level 8.1(13.1) Throwing
 - Level 3.1(8.1) Armour
 - Level 3.0(8.0) Dodging
 + Level 18.4(23.4) Unarmed Combat
 - Level 1.0 Spellcasting
 - Level 2.1 Fire Magic
 + Level 4.1 Invocations


You had 14 spell levels left.
You didn't know any spells.
Your spell library contained the following spells:

 Spells                   Type           Power      Damage    Failure   Level
 Scorch                   Fire           8%         2d5       24%         2

Inventory:

Missiles
 j - 2 silver javelins (quivered)
 v - a large rock
Armour
 a - a +0 cloak
 c - +0 acid dragon scales (worn)
 h - a scarf of repulsion (worn)
 m - a +2 hat (worn)
Jewellery
 g - a ring of see invisible (right claw)
 q - a +4 ring of evasion (left claw)
 s - an amulet of regeneration (around neck)
 Y - a +6 ring of strength
Scrolls
 k - 3 scrolls of identify
 r - 4 scrolls of enchant weapon
Potions
 b - a potion of might
 d - 5 potions of haste
 e - 16 potions of curing
 f - 2 potions of resistance
 l - 3 potions of mutation

Dungeon Overview and Level Annotations

Branches:
Dungeon (10/15)            Temple (1/1) D:6            Lair (5/5) D:10
  Swamp (0/4) Lair:3        Snake (0/4) Lair:3        Slime (0/5) Lair:5
    Orc: D:9-12

Altars:
Ashenzari
Cheibriados
Dithmenos
Elyvilon
Fedhas
Gozag
Hepliaklqana
Makhleb
Nemelex Xobeh
Okawaru
Qazlal
Ru
Sif Muna
Trog
Uskayaw
Vehumet
Wu Jian
Xom
Yredelemnul
Zin
The Shining One
Jiyva

Shops:
D:4 !   D:5 *   D:6 (   D:7 ?*   D:9 !   D:10 *

Portals:
Abyss: Lair:1

Annotations:
Lair:1 2 transporters, qw's ghost, journeyman TeWr
Lair:3 3 runed translucent doors, qw's ghost, journeyman TrCA
Lair:5 Nessos


Message History

A wyvern comes into view.
You feel extremely sick.
The wyvern hisses angrily.
13227 ||| Stepping ~*~*~tactically~*~*~ (hiding).
A wyvern comes into view.
You feel extremely sick.
The wyvern hisses angrily.
13228 ||| INVOKING Heroism.
You gain the combat prowess of a mighty hero.
You feel extremely sick.
You feel very sick.
Nessos shoots an arrow.
The arrow closely misses you.
The arrow hits the wyvern!!
The arrow burns the wyvern!
The wyvern looks as sick as possible!
The wyvern dies!
Nessos shoots an arrow.
The arrow hits you!! The arrow burns you.
You are more poisoned.
Nessos shoots an arrow.
The arrow is repelled.
13230 ||| Stepping ~*~*~tactically~*~*~ (hiding).
You feel extremely sick.
13231 ||| READING scroll of teleportation.
As you read the scroll of teleportation, it crumbles to dust.
You feel strangely unstable.
You feel very sick. The wyvern misses you.
Nessos shoots an arrow.
The arrow hits you but does no damage.
13232 ||| DRINKING potion of heal wounds.
You feel much better.
You feel very sick.
Nessos shoots an arrow.
The arrow hits you! The arrow burns you.
You are more poisoned.
The wyvern closely misses you. The wyvern bites you.
You eviscerate Nessos!!!
Nessos is almost dead.
You feel very sick.
Nessos unwields a +3 longbow of flaming.
It stops flaming.
Nessos completely misses you. Nessos misses you.
Nessos gestures wildly while chanting.
Nessos blinks!
The wyvern bites you.
You die...

.....P.%###.< ..#####
........#.#..
...#P#..#.....P.#...#...
..........c.............
........................
...................... . P..
...c............ ..P.
#.##...............
.....###@##...#####.P##..
.......l¤#P...# #######.
...........c..###...##.P.
...>_..P##...#..%.............
........##.....##....P#....P...
........###....##....P##.#####.
####......# #..###...c#######.##.
.....P....##### ##...##P#.#P....
..........##.######..............


You could see Nessos (fast) and a wyvern.

Vanquished Creatures
  4 hydras
  2 two-headed ogres (D:10)
  A centaur warrior (D:7)
  A tengu warrior (D:7)
  6 death yaks (Lair:2)
  Amaemon (D:8)
  Pikel (D:5)
  6 elephants (Lair:2)
  2 black mambas
  A torpor snail (Lair:5)
  7 cane toads
  An orange demon (D:8)
  7 komodo dragons
  A hornet (D:7)
  11 blink frogs
  13 dream sheep
  Sigmund (D:4)
  A vampire (D:10)
  5 basilisks
  3 wyverns
  2 steam dragons (D:8)
  40 yaks
  10 fire elementals
  2 nagas (Lair:3)
  An acid dragon (D:10)
  A swamp worm (Lair:3)
  13 water moccasins
  4 orc warriors
  A sky beast (D:7)
  A black bear (D:3)
  2 ice beasts
  2 ogres
  9 wolves
  5 centaurs
  2 phantoms
  2 elf zombies (D:4)
  11 bullfrogs
  An elf skeleton (D:4)
  3 gnoll sergeants
  2 necrophages
  3 scorpions
  7 wights (D:9)
  21 killer bees
  8 hounds
  4 jellies
  6 orc priests
  5 gnoll boudas
  A human skeleton (D:4)
  3 iguanas
  17 orc wizards
  24 gnolls
  7 adders
  A shadow imp (D:5)
  A white imp (D:7)
  2 ufetubi
  4 worms
  3 dart slugs
  47 orcs
  3 bats
  6 endoplasms
  7 giant cockroaches
  6 goblins
  3 hobgoblins
  3 jackals (D:1)
  3 quokkas
  8 ball pythons
  3 frilled lizards
  7 kobolds
  2 orc skeletons (D:4)
  4 rats
408 creatures vanquished.

Vanquished Creatures (collateral kills)
  A hobgoblin (D:4)
1 creature vanquished.

Vanquished Creatures (others)
  A wyvern (Lair:5)
  15 fungi
  73 plants
89 creatures vanquished.

Grand Total: 498 creatures vanquished

Notes
Turn   | Place    | Note
-------+----------+-------------------------------------------
     0 | D:1      | qw the Troll Cinder Acolyte began the quest for the Orb.
     0 | D:1      | Reached XP level 1. HP: 22/22 MP: 1/1
     0 | D:1      | 0 ||| qw: Version: 0.1-a-97-g2dd2ca4
     0 | D:1      | 0 ||| qw: Game counter: 4623
     0 | D:1      | 0 ||| qw: Always use a shield: true
     0 | D:1      | 0 ||| qw: God list: Okawaru
     0 | D:1      | 0 ||| qw: Allow faded altars: false
     0 | D:1      | 0 ||| qw: Do Orc after D:15 true
     0 | D:1      | 0 ||| qw: Do second Lair branch before Depths: true
     0 | D:1      | 0 ||| qw: Lair rune preference: random
     0 | D:1      | 0 ||| qw: Plans: Normal
     0 | D:1      | 0 ||| PLANNING D:1-11
   177 | D:1      | Reached XP level 2. HP: 29/29 MP: 2/2
   284 | D:1      | 284 ||| Stepping ~*~*~tactically~*~*~ (stealth).
   334 | D:1      | Reached skill level 4 in Unarmed Combat
   804 | D:1      | 804 ||| READING scroll labelled POOMUTREXO.
   805 | D:1      | 805 ||| READING scroll labelled ESIEDU BEPHOA.
  1072 | D:2      | 1072 ||| Stepping ~*~*~tactically~*~*~ (outnumbered).
  1074 | D:2      | Reached XP level 3. HP: 36/36 MP: 3/3
  1194 | D:2      | 1194 ||| INVOKING Fiery Armour.
  1195 | D:2      | Found a faded altar of an unknown god.
  1223 | D:2      | Reached skill level 5 in Unarmed Combat
  1223 | D:2      | Reached XP level 4. HP: 44/44 MP: 4/4
  1303 | D:2      | Reached skill level 1 in Throwing
  1490 | D:2      | 1490 ||| UPGRADING to ring of protection from cold.
  1491 | D:2      | 1491 ||| READING scroll labelled GAOGYW ETHAEN.
  1492 | D:2      | 1492 ||| READING scroll labelled KOSHIBBASUW.
  1497 | D:2      | 1497 ||| DRINKING 4 puce potions.
  1540 | D:3      | 1540 ||| Stepping ~*~*~tactically~*~*~ (stealth).
  1607 | D:3      | Noticed a black bear
  1614 | D:3      | Killed a black bear
  1615 | D:3      | Reached skill level 6 in Unarmed Combat
  1615 | D:3      | Reached XP level 5. HP: 40/50 MP: 5/5
  1684 | D:3      | Identified the +3 ring mail of Distant Shores {Rampage rF-
                  | Regen+}
  1685 | D:3      | 1685 ||| INVOKING Fiery Armour.
  1687 | D:3      | 1687 ||| DRINKING 5 potions of curing.
  1687 | D:3      | 1687 ||| (to cure confusion)
  1697 | D:3      | Reached XP level 6. HP: 50/59 MP: 6/6
  1771 | D:3      | 1771 ||| Stepping ~*~*~tactically~*~*~ (stealth).
  1874 | D:3      | 1874 ||| Stepping ~*~*~tactically~*~*~ (stealth).
  1881 | D:3      | 1881 ||| Stepping ~*~*~tactically~*~*~ (outnumbered).
  1987 | D:3      | 1987 ||| UPGRADING to +1 hat.
  1992 | D:3      | 1992 ||| READING scroll labelled IRILAN JATI.
  2025 | D:4      | Found Guoxov's Distillery.
  2026 | D:4      | 2026 ||| PLANNING OSSUARY
  2037 | D:4      | 2037 ||| BUYING potion of curing (33 gold).
  2037 | D:4      | Bought a potion of curing for 33 gold pieces
  2037 | D:4      | 2037 ||| BUYING potion of haste (110 gold).
  2037 | D:4      | Bought a potion of haste for 110 gold pieces
  2037 | D:4      | 2037 ||| SHOPLISTING potion of heal wounds (55 gold, have
                  | 25).
  2037 | D:4      | 2037 ||| SHOPLISTING potion of might (44 gold, have 25).
  2037 | D:4      | 2037 ||| SHOPLISTING potion of resistance (110 gold, have
                  | 25).
  2081 | D:4      | 2081 ||| Stepping ~*~*~tactically~*~*~ (stealth).
  2224 | D:4      | 2224 ||| Stepping ~*~*~tactically~*~*~ (stealth).
  2227 | D:4      | Noticed Sigmund
  2229 | D:4      | 2229 ||| INVOKING Fiery Armour.
  2232 | D:4      | Killed Sigmund
  2233 | D:4      | Reached skill level 7 in Unarmed Combat
  2233 | D:4      | Reached XP level 7. HP: 56/66 MP: 7/7
  2384 | D:4      | 2384 ||| Stepping ~*~*~tactically~*~*~ (stealth).
  2397 | D:4      | 2397 ||| UPGRADING to +6 ring of dexterity.
  2398 | D:4      | 2398 ||| READING 2 scrolls of identify.
  2398 | D:4      | 2398 ||| IDENTIFYING fuming pink potion
  2399 | D:4      | 2399 ||| READING 2 scrolls of teleportation.
  2476 | D:4      | 2476 ||| Stepping ~*~*~tactically~*~*~ (stealth).
  2481 | D:4      | 2481 ||| Stepping ~*~*~tactically~*~*~ (stealth).
  2488 | D:4      | 2488 ||| READING scroll of teleportation.
  2489 | D:4      | 2489 ||| Stepping ~*~*~tactically~*~*~ (stealth).
  2520 | D:4      | 2520 ||| READING scroll labelled XISEBU IRUO.
  2521 | D:4      | 2521 ||| Stepping randomly (stuck).
  2553 | D:4      | 2553 ||| Stepping ~*~*~tactically~*~*~ (stealth).
  2560 | D:4      | Reached skill level 1 in Dodging
  2616 | D:4      | 2616 ||| Stepping randomly (stuck).
  2628 | D:4      | 2628 ||| RIP OSSUARY
  2726 | D:4      | 2726 ||| PLANNING D:1-11
  2745 | D:4      | Reached skill level 8 in Unarmed Combat
  2767 | D:4      | Reached skill level 3 in Fighting
  2771 | D:4      | 2771 ||| Stepping ~*~*~tactically~*~*~ (stealth).
  2800 | D:4      | Reached skill level 3 in Throwing
  2806 | D:4      | 2806 ||| Stepping ~*~*~tactically~*~*~ (stealth).
  2807 | D:4      | 2807 ||| Stepping ~*~*~tactically~*~*~ (stealth).
  2894 | D:5      | Entered Level 5 of the Dungeon
  2894 | D:5      | Found Fink's Assorted Antiques.
  2896 | D:5      | 2896 ||| BUYING blue potion (26 gold).
  2896 | D:5      | Bought a blue potion for 26 gold pieces
  2896 | D:5      | 2896 ||| SHOPLISTING clear potion (26 gold, have 21).
  2896 | D:5      | 2896 ||| SHOPLISTING scroll of teleportation (87 gold, have
                  | 21).
  2896 | D:5      | 2896 ||| SHOPLISTING viscous clear potion (26 gold, have
                  | 21).
  2917 | D:5      | 2917 ||| Stepping ~*~*~tactically~*~*~ (stealth).
  2924 | D:5      | Reached XP level 8. HP: 75/75 MP: 8/8
  3007 | D:5      | Noticed Pikel
  3014 | D:5      | Killed Pikel
  3015 | D:5      | Reached skill level 10 in Unarmed Combat
  3056 | D:5      | 3056 ||| Stepping ~*~*~tactically~*~*~ (outnumbered).
  3057 | D:5      | 3057 ||| Stepping ~*~*~tactically~*~*~ (outnumbered).
  3071 | D:5      | 3071 ||| FLEEEEING.
  3077 | D:5      | 3077 ||| Stepping ~*~*~tactically~*~*~ (stealth).
  3092 | D:5      | 3092 ||| INVOKING Fiery Armour.
  3131 | D:5      | 3131 ||| Stepping ~*~*~tactically~*~*~ (stealth).
  3133 | D:5      | 3133 ||| Stepping ~*~*~tactically~*~*~ (stealth).
  3137 | D:5      | 3137 ||| Stepping ~*~*~tactically~*~*~ (stealth).
  3138 | D:5      | 3138 ||| Stepping ~*~*~tactically~*~*~ (stealth).
  3139 | D:5      | 3139 ||| Stepping ~*~*~tactically~*~*~ (stealth).
  3143 | D:5      | 3143 ||| Stepping ~*~*~tactically~*~*~ (stealth).
  3232 | D:5      | Found a glowing silver altar of Zin.
  3258 | D:5      | Found an opulent altar of Gozag.
  3260 | D:5      | Found a shimmering altar of Xom.
  3261 | D:5      | Found a shadowy altar of Dithmenos.
  3274 | D:5      | Found a bloodstained altar of Trog.
  3289 | D:5      | Found a hide-covered altar of Uskayaw.
  3291 | D:5      | Found a broken altar of Ashenzari.
  3295 | D:5      | Found a sacrificial altar of Ru.
  3296 | D:5      | Found a blossoming altar of Fedhas.
  3412 | D:5      | 3412 ||| Stepping ~*~*~tactically~*~*~ (hiding).
  3419 | D:5      | 3419 ||| Stepping ~*~*~tactically~*~*~ (outnumbered).
  3421 | D:5      | 3421 ||| Stepping ~*~*~tactically~*~*~ (outnumbered).
  3422 | D:5      | 3422 ||| Stepping ~*~*~tactically~*~*~ (outnumbered).
  3425 | D:5      | 3425 ||| Stepping ~*~*~tactically~*~*~ (outnumbered).
  3427 | D:5      | 3427 ||| Stepping ~*~*~tactically~*~*~ (outnumbered).
  3428 | D:5      | 3428 ||| Stepping ~*~*~tactically~*~*~ (outnumbered).
  3516 | D:5      | 3516 ||| Stepping ~*~*~tactically~*~*~ (hiding).
  3520 | D:5      | 3520 ||| Stepping ~*~*~tactically~*~*~ (hiding).
  3529 | D:5      | Reached XP level 9. HP: 64/84 MP: 9/9
  3529 | D:5      | 3529 ||| Stepping ~*~*~tactically~*~*~ (outnumbered).
  3734 | D:5      | 3734 ||| READING scroll labelled BACZO TIRIAZIEPT.
  3735 | D:5      | 3735 ||| DRINKING 3 blue potions.
  3736 | D:5      | 3736 ||| READING 2 scrolls of identify.
  3736 | D:5      | 3736 ||| IDENTIFYING black potion
  3737 | D:5      | 3737 ||| DROPPING potion of invisibility.
  3738 | D:5      | 3738 ||| DROPPING 2 potions of brilliance.
  3830 | D:6      | Found a staircase to the Ecumenical Temple.
  3867 | D:6      | Reached skill level 11 in Unarmed Combat
  3870 | D:6      | 3870 ||| Stepping ~*~*~tactically~*~*~ (outnumbered).
  3871 | D:6      | 3871 ||| Stepping ~*~*~tactically~*~*~ (outnumbered).
  3872 | D:6      | 3872 ||| Stepping ~*~*~tactically~*~*~ (outnumbered).
  3873 | D:6      | 3873 ||| Stepping ~*~*~tactically~*~*~ (outnumbered).
  3874 | D:6      | 3874 ||| Stepping ~*~*~tactically~*~*~ (hiding).
  4098 | D:6      | Found Vemaops's Weapon Boutique.
  4367 | D:6      | 4367 ||| INVOKING Fiery Armour.
  4510 | D:6      | 4510 ||| Stepping ~*~*~tactically~*~*~ (stealth).
  4525 | D:6      | 4525 ||| Stepping ~*~*~tactically~*~*~ (stealth).
  4526 | D:6      | 4526 ||| Stepping ~*~*~tactically~*~*~ (stealth).
  4724 | D:6      | 4724 ||| READING scroll labelled KEAKLECEOC.
  4725 | D:6      | 4725 ||| DRINKING 2 green potions.
  4725 | D:6      | Gained mutation: You are partially covered in iridescent
                  | scales. (AC +2) [potion of mutation]
  4725 | D:6      | Gained mutation: You are clumsy. (Dex -2) [potion of
                  | mutation]
  4725 | D:6      | Lost mutation: You are clumsy. (Dex -2) [potion of
                  | mutation]
  4726 | D:6      | 4726 ||| READING 2 scrolls of identify.
  4726 | D:6      | 4726 ||| IDENTIFYING fuming coppery potion
  4727 | D:6      | 4727 ||| DROPPING potion of degeneration.
  4781 | D:7      | 4781 ||| Stepping ~*~*~tactically~*~*~ (hiding).
  4785 | D:7      | 4785 ||| INVOKING Fiery Armour.
  4788 | D:7      | 4788 ||| Stepping ~*~*~tactically~*~*~ (hiding).
  4796 | D:7      | 4796 ||| Stepping ~*~*~tactically~*~*~ (outnumbered).
  4861 | D:7      | Reached skill level 12 in Unarmed Combat
  4876 | D:7      | 4876 ||| Stepping ~*~*~tactically~*~*~ (outnumbered).
  4955 | D:7      | 4955 ||| READING 2 scrolls of enchant armour.
  4955 | D:7      | 4955 ||| ENCHANTING +1 hat.
  4956 | D:7      | Found Bapnoh's General Store.
  4966 | D:7      | 4966 ||| BUYING potion of curing (39 gold).
  4966 | D:7      | Bought a potion of curing for 39 gold pieces
  4970 | D:7      | 4970 ||| Stepping ~*~*~tactically~*~*~ (hiding).
  4973 | D:7      | 4973 ||| Stepping ~*~*~tactically~*~*~ (hiding).
  5032 | D:7      | 5032 ||| Stepping ~*~*~tactically~*~*~ (hiding).
  5139 | D:7      | 5139 ||| Stepping ~*~*~tactically~*~*~ (hiding).
  5205 | D:7      | Reached XP level 10. HP: 91/96 MP: 10/10
  5250 | D:7      | 5250 ||| Stepping ~*~*~tactically~*~*~ (stealth).
  5253 | D:7      | 5253 ||| Stepping ~*~*~tactically~*~*~ (stealth).
  5253 | D:7      | Noticed a centaur warrior
  5263 | D:7      | 5263 ||| INVOKING Fiery Armour.
  5263 | D:7      | Killed a centaur warrior
  5266 | D:7      | Noticed a tengu warrior
  5270 | D:7      | HP: 20/96 [tengu warrior/+2 lajatang of speed (14)]
  5271 | D:7      | 5271 ||| READING 2 scrolls of teleportation.
  5272 | D:7      | Killed a tengu warrior
  5273 | D:7      | Reached skill level 13 in Unarmed Combat
  5351 | D:7      | 5351 ||| Stepping ~*~*~tactically~*~*~ (hiding).
  5376 | D:7      | 5376 ||| Stepping ~*~*~tactically~*~*~ (stealth).
  5389 | D:7      | 5389 ||| Stepping ~*~*~tactically~*~*~ (hiding).
  5390 | D:7      | 5390 ||| Stepping ~*~*~tactically~*~*~ (hiding).
  5391 | D:7      | 5391 ||| Stepping ~*~*~tactically~*~*~ (hiding).
  5439 | D:7      | 5439 ||| Stepping ~*~*~tactically~*~*~ (stealth).
  5440 | D:7      | 5440 ||| Stepping ~*~*~tactically~*~*~ (stealth).
  5560 | D:7      | Found Winebb's Magic Scroll Boutique.
  5568 | D:7      | 5568 ||| BUYING scroll of identify (28 gold).
  5568 | D:7      | Bought a scroll of identify for 28 gold pieces
  5658 | D:7      | Reached skill level 3 in Dodging
  5805 | D:7      | 5805 ||| Stepping ~*~*~tactically~*~*~ (stealth).
  5817 | D:7      | 5817 ||| Stepping ~*~*~tactically~*~*~ (stealth).
  6090 | D:7      | 6090 ||| UPGRADING to scarf of repulsion.
  6095 | D:7      | 6095 ||| UPGRADING to +2 robe.
  6105 | D:7      | 6105 ||| DROPPING +0 robe.
  6106 | D:7      | 6106 ||| UPGRADING to amulet of regeneration.
  6111 | D:7      | 6111 ||| DRINKING 2 metallic black potions.
  6112 | D:7      | 6112 ||| READING 3 scrolls of identify.
  6112 | D:7      | 6112 ||| IDENTIFYING viscous clear potion
  6113 | D:7      | 6113 ||| READING 2 scrolls of identify.
  6113 | D:7      | 6113 ||| IDENTIFYING fuming sapphire potion
  6114 | D:7      | 6114 ||| DROPPING potion of attraction.
  6115 | D:7      | 6115 ||| DROPPING potion of flight.
  6160 | D:8      | 6160 ||| Stepping ~*~*~tactically~*~*~ (outnumbered).
  6161 | D:8      | 6161 ||| Stepping ~*~*~tactically~*~*~ (outnumbered).
  6162 | D:8      | 6162 ||| Stepping ~*~*~tactically~*~*~ (outnumbered).
  6163 | D:8      | 6163 ||| Stepping ~*~*~tactically~*~*~ (outnumbered).
  6164 | D:8      | 6164 ||| Stepping ~*~*~tactically~*~*~ (outnumbered).
  6165 | D:8      | 6165 ||| Stepping ~*~*~tactically~*~*~ (outnumbered).
  6166 | D:8      | 6166 ||| Stepping ~*~*~tactically~*~*~ (outnumbered).
  6167 | D:8      | 6167 ||| Stepping ~*~*~tactically~*~*~ (outnumbered).
  6168 | D:8      | 6168 ||| Stepping ~*~*~tactically~*~*~ (outnumbered).
  6169 | D:8      | 6169 ||| Stepping ~*~*~tactically~*~*~ (outnumbered).
  6170 | D:8      | 6170 ||| Stepping ~*~*~tactically~*~*~ (outnumbered).
  6173 | D:8      | 6173 ||| Stepping ~*~*~tactically~*~*~ (outnumbered).
  6174 | D:8      | 6174 ||| Stepping ~*~*~tactically~*~*~ (outnumbered).
  6174 | D:8      | Noticed an orange demon
  6175 | D:8      | 6175 ||| Stepping ~*~*~tactically~*~*~ (outnumbered).
  6177 | D:8      | 6177 ||| Stepping ~*~*~tactically~*~*~ (outnumbered).
  6177 | D:8      | Noticed Amaemon
  6178 | D:8      | 6178 ||| Stepping ~*~*~tactically~*~*~ (outnumbered).
  6192 | D:8      | 6192 ||| INVOKING Fiery Armour.
  6194 | D:8      | 6194 ||| Stepping ~*~*~tactically~*~*~ (outnumbered).
  6196 | D:8      | 6196 ||| Stepping ~*~*~tactically~*~*~ (outnumbered).
  6197 | D:8      | 6197 ||| Stepping ~*~*~tactically~*~*~ (outnumbered).
  6199 | D:8      | 6199 ||| Stepping ~*~*~tactically~*~*~ (outnumbered).
  6201 | D:8      | 6201 ||| Stepping ~*~*~tactically~*~*~ (outnumbered).
  6202 | D:8      | 6202 ||| Stepping ~*~*~tactically~*~*~ (outnumbered).
  6204 | D:8      | 6204 ||| Stepping ~*~*~tactically~*~*~ (outnumbered).
  6216 | D:8      | Killed Amaemon
  6218 | D:8      | Killed an orange demon
  6219 | D:8      | Reached skill level 14 in Unarmed Combat
  6271 | D:8      | 6271 ||| Stepping ~*~*~tactically~*~*~ (hiding).
  6283 | D:8      | 6283 ||| Stepping ~*~*~tactically~*~*~ (outnumbered).
  6284 | D:8      | 6284 ||| Stepping ~*~*~tactically~*~*~ (outnumbered).
  6292 | D:8      | 6292 ||| Stepping ~*~*~tactically~*~*~ (stealth).
  6485 | D:8      | 6485 ||| Stepping ~*~*~tactically~*~*~ (stealth).
  6492 | D:8      | 6492 ||| Stepping ~*~*~tactically~*~*~ (stealth).
  6496 | D:8      | 6496 ||| Stepping ~*~*~tactically~*~*~ (stealth).
  6505 | D:8      | 6505 ||| Stepping ~*~*~tactically~*~*~ (stealth).
  6521 | D:8      | Reached skill level 6 in Fighting
  6621 | D:8      | 6621 ||| Stepping ~*~*~tactically~*~*~ (stealth).
  6623 | D:8      | 6623 ||| Stepping ~*~*~tactically~*~*~ (stealth).
  6625 | D:8      | 6625 ||| Stepping ~*~*~tactically~*~*~ (stealth).
  6629 | D:8      | Reached XP level 11. HP: 105/105 MP: 11/11
  6633 | D:8      | 6633 ||| Stepping ~*~*~tactically~*~*~ (stealth).
  6643 | D:8      | 6643 ||| Stepping ~*~*~tactically~*~*~ (hiding).
  6684 | D:8      | 6684 ||| Stepping ~*~*~tactically~*~*~ (hiding).
  6894 | D:8      | 6894 ||| UPGRADING to +0 steam dragon scales.
  6904 | D:8      | 6904 ||| DROPPING +2 robe.
  6905 | D:8      | 6905 ||| READING scroll of enchant armour.
  6905 | D:8      | 6905 ||| ENCHANTING +0 steam dragon scales.
  6906 | D:8      | 6906 ||| READING scroll labelled WIGOPOXUWA.
  6907 | D:8      | 6907 ||| READING 2 scrolls of identify.
  6907 | D:8      | 6907 ||| IDENTIFYING coppery potion
  6924 | D:9      | 6924 ||| Stepping ~*~*~tactically~*~*~ (stealth).
  6924 | D:9      | Found Riteat's Distillery.
  6938 | D:9      | 6938 ||| INVOKING Fiery Armour.
  6943 | D:9      | Reached skill level 1 in Armour
  7007 | D:9      | 7007 ||| Stepping ~*~*~tactically~*~*~ (outnumbered).
  7010 | D:9      | 7010 ||| Stepping ~*~*~tactically~*~*~ (outnumbered).
  7011 | D:9      | 7011 ||| Stepping ~*~*~tactically~*~*~ (outnumbered).
  7025 | D:9      | 7025 ||| Stepping ~*~*~tactically~*~*~ (outnumbered).
  7045 | D:9      | 7045 ||| BUYING 2 potions of curing (66 gold).
  7045 | D:9      | Bought 2 potions of curing for 66 gold pieces
  7045 | D:9      | 7045 ||| BUYING potion of cancellation (88 gold).
  7045 | D:9      | Bought a potion of cancellation for 88 gold pieces
  7045 | D:9      | 7045 ||| BUYING potion of curing (33 gold).
  7045 | D:9      | Bought a potion of curing for 33 gold pieces
  7045 | D:9      | 7045 ||| BUYING potion of curing (33 gold).
  7045 | D:9      | Bought a potion of curing for 33 gold pieces
  7045 | D:9      | 7045 ||| BUYING potion of curing (33 gold).
  7045 | D:9      | Bought a potion of curing for 33 gold pieces
  7045 | D:9      | 7045 ||| SHOPLISTING potion of haste (110 gold, have 9).
  7045 | D:9      | 7045 ||| SHOPLISTING potion of mutation (88 gold, have 9).
  7193 | D:9      | 7193 ||| Stepping ~*~*~tactically~*~*~ (stealth).
  7195 | D:9      | 7195 ||| Stepping ~*~*~tactically~*~*~ (stealth).
  7197 | D:9      | 7197 ||| Stepping ~*~*~tactically~*~*~ (hiding).
  7300 | D:9      | 7300 ||| Stepping ~*~*~tactically~*~*~ (stealth).
  7302 | D:9      | 7302 ||| Stepping ~*~*~tactically~*~*~ (stealth).
  7304 | D:9      | Reached skill level 6 in Throwing
  7423 | D:10     | Entered Level 10 of the Dungeon
  7463 | D:10     | Noticed a two-headed ogre
  7463 | D:10     | Noticed a two-headed ogre
  7464 | D:10     | 7464 ||| Stepping ~*~*~tactically~*~*~ (stealth).
  7465 | D:10     | 7465 ||| Stepping ~*~*~tactically~*~*~ (stealth).
  7469 | D:10     | 7469 ||| INVOKING Fiery Armour.
  7471 | D:10     | 7471 ||| Stepping ~*~*~tactically~*~*~ (outnumbered).
  7474 | D:10     | Killed a two-headed ogre
  7475 | D:10     | Reached skill level 15 in Unarmed Combat
  7479 | D:10     | Killed a two-headed ogre
  7508 | D:10     | Found Mudyasomu's General Store.
  7580 | D:10     | 7580 ||| Stepping ~*~*~tactically~*~*~ (hiding).
  7682 | D:10     | 7682 ||| Stepping ~*~*~tactically~*~*~ (hiding).
  7784 | D:10     | 7784 ||| Stepping ~*~*~tactically~*~*~ (hiding).
  7886 | D:10     | 7886 ||| Stepping ~*~*~tactically~*~*~ (hiding).
  7888 | D:10     | 7888 ||| Stepping ~*~*~tactically~*~*~ (hiding).
  8013 | D:10     | 8013 ||| Stepping ~*~*~tactically~*~*~ (outnumbered).
  8014 | D:10     | 8014 ||| Stepping ~*~*~tactically~*~*~ (outnumbered).
  8015 | D:10     | 8015 ||| Stepping ~*~*~tactically~*~*~ (outnumbered).
  8016 | D:10     | 8016 ||| Stepping ~*~*~tactically~*~*~ (outnumbered).
  8017 | D:10     | 8017 ||| Stepping ~*~*~tactically~*~*~ (outnumbered).
  8018 | D:10     | 8018 ||| Stepping ~*~*~tactically~*~*~ (outnumbered).
  8019 | D:10     | 8019 ||| Stepping ~*~*~tactically~*~*~ (outnumbered).
  8105 | D:10     | 8105 ||| Stepping ~*~*~tactically~*~*~ (hiding).
  8515 | D:10     | 8515 ||| UPGRADING to +0 acid dragon scales.
  8525 | D:10     | 8525 ||| DROPPING +1 steam dragon scales.
  8526 | D:10     | 8526 ||| READING 3 scrolls labelled QITWIL IZYEFENG.
  8527 | D:10     | 8527 ||| READING scroll labelled IMNI NARAULIDEZ.
  8557 | D:10     | 8557 ||| DROPPING 2 scrolls of vulnerability.
  8558 | D:10     | 8558 ||| READING 2 scrolls of teleportation.
  8589 | D:10     | Found a staircase to the Lair.
  8730 | D:10     | 8730 ||| READING scroll of teleportation.
  8785 | D:10     | 8785 ||| Stepping randomly (stuck).
  8786 | D:10     | 8786 ||| Stepping randomly (stuck).
  8787 | D:10     | 8787 ||| Stepping randomly (stuck).
  8788 | D:10     | 8788 ||| Stepping randomly (stuck).
  8789 | D:10     | 8789 ||| Stepping randomly (stuck).
  8795 | D:10     | 8795 ||| Stepping randomly (stuck).
  8796 | D:10     | 8796 ||| Stepping randomly (stuck).
  8799 | D:10     | 8799 ||| Stepping randomly (stuck).
  8800 | D:10     | 8800 ||| Stepping randomly (stuck).
  8801 | D:10     | 8801 ||| Stepping randomly (stuck).
  8802 | D:10     | 8802 ||| Stepping randomly (stuck).
  8803 | D:10     | 8803 ||| Stepping randomly (stuck).
  8804 | D:10     | 8804 ||| Stepping randomly (stuck).
  8805 | D:10     | 8805 ||| Stepping randomly (stuck).
  8806 | D:10     | 8806 ||| Stepping randomly (stuck).
  8807 | D:10     | 8807 ||| Stepping randomly (stuck).
  8808 | D:10     | 8808 ||| Stepping randomly (stuck).
  8809 | D:10     | 8809 ||| Stepping randomly (stuck).
  8810 | D:10     | 8810 ||| Stepping randomly (stuck).
  8811 | D:10     | 8811 ||| Stepping randomly (stuck).
  8812 | D:10     | 8812 ||| Stepping randomly (stuck).
  8813 | D:10     | 8813 ||| Stepping randomly (stuck).
  8814 | D:10     | 8814 ||| Stepping randomly (stuck).
  8815 | D:10     | 8815 ||| Stepping randomly (stuck).
  8816 | D:10     | 8816 ||| Stepping randomly (stuck).
  8817 | D:10     | 8817 ||| Stepping randomly (stuck).
  8818 | D:10     | 8818 ||| Stepping randomly (stuck).
  8819 | D:10     | 8819 ||| Stepping randomly (stuck).
  8820 | D:10     | 8820 ||| Stepping randomly (stuck).
  8821 | D:10     | 8821 ||| Stepping randomly (stuck).
  8822 | D:10     | 8822 ||| Stepping randomly (stuck).
  8823 | D:10     | 8823 ||| Stepping randomly (stuck).
  8824 | D:10     | 8824 ||| Stepping randomly (stuck).
  8825 | D:10     | 8825 ||| Stepping randomly (stuck).
  8832 | D:10     | 8832 ||| READING 3 scrolls of identify.
  8832 | D:10     | 8832 ||| IDENTIFYING fizzy golden potion
  8833 | D:10     | 8833 ||| DROPPING potion of lignification.
  8834 | D:10     | 8834 ||| Stepping randomly (stuck).
  8835 | D:10     | 8835 ||| Stepping randomly (stuck).
  8836 | D:10     | 8836 ||| Stepping randomly (stuck).
  8837 | D:10     | 8837 ||| Stepping randomly (stuck).
  8841 | D:10     | 8841 ||| Stepping randomly (stuck).
  8842 | D:10     | 8842 ||| Stepping randomly (stuck).
  8843 | D:10     | 8843 ||| Stepping randomly (stuck).
  8844 | D:10     | 8844 ||| Stepping randomly (stuck).
  8845 | D:10     | 8845 ||| Stepping randomly (stuck).
  8846 | D:10     | 8846 ||| Stepping randomly (stuck).
  8847 | D:10     | 8847 ||| Stepping randomly (stuck).
  8848 | D:10     | 8848 ||| Stepping randomly (stuck).
  8849 | D:10     | 8849 ||| Stepping randomly (stuck).
  8850 | D:10     | 8850 ||| Stepping randomly (stuck).
  8851 | D:10     | 8851 ||| Stepping randomly (stuck).
  8852 | D:10     | 8852 ||| Stepping randomly (stuck).
  8853 | D:10     | 8853 ||| Stepping randomly (stuck).
  8857 | D:10     | 8857 ||| Stepping randomly (stuck).
  8858 | D:10     | 8858 ||| Stepping randomly (stuck).
  8859 | D:10     | 8859 ||| Stepping randomly (stuck).
  8860 | D:10     | 8860 ||| Stepping randomly (stuck).
  8861 | D:10     | 8861 ||| Stepping randomly (stuck).
  8862 | D:10     | 8862 ||| Stepping randomly (stuck).
  8863 | D:10     | 8863 ||| Stepping randomly (stuck).
  8864 | D:10     | 8864 ||| Stepping randomly (stuck).
  8865 | D:10     | 8865 ||| Stepping randomly (stuck).
  8866 | D:10     | 8866 ||| Stepping randomly (stuck).
  8867 | D:10     | 8867 ||| Stepping randomly (stuck).
  8868 | D:10     | 8868 ||| Stepping randomly (stuck).
  8869 | D:10     | 8869 ||| Stepping randomly (stuck).
  8870 | D:10     | 8870 ||| Stepping randomly (stuck).
  8871 | D:10     | 8871 ||| Stepping randomly (stuck).
  8872 | D:10     | 8872 ||| Stepping randomly (stuck).
  8874 | D:10     | 8874 ||| Stepping randomly (stuck).
  8876 | D:10     | 8876 ||| Stepping randomly (stuck).
  8877 | D:10     | 8877 ||| Stepping randomly (stuck).
  8878 | D:10     | 8878 ||| Stepping randomly (stuck).
  8879 | D:10     | 8879 ||| Stepping randomly (stuck).
  8880 | D:10     | 8880 ||| Stepping randomly (stuck).
  8881 | D:10     | 8881 ||| Stepping randomly (stuck).
  8882 | D:10     | 8882 ||| Stepping randomly (stuck).
  8883 | D:10     | 8883 ||| Stepping randomly (stuck).
  8884 | D:10     | 8884 ||| Stepping randomly (stuck).
  8885 | D:10     | 8885 ||| Stepping randomly (stuck).
  8886 | D:10     | 8886 ||| Stepping randomly (stuck).
  8887 | D:10     | 8887 ||| Stepping randomly (stuck).
  8888 | D:10     | 8888 ||| Stepping randomly (stuck).
  8889 | D:10     | 8889 ||| Stepping randomly (stuck).
  8890 | D:10     | 8890 ||| Stepping randomly (stuck).
  8891 | D:10     | 8891 ||| Stepping randomly (stuck).
  8892 | D:10     | 8892 ||| Stepping randomly (stuck).
  8893 | D:10     | 8893 ||| Stepping randomly (stuck).
  8894 | D:10     | 8894 ||| Stepping randomly (stuck).
  8895 | D:10     | 8895 ||| Stepping randomly (stuck).
  8896 | D:10     | 8896 ||| Stepping randomly (stuck).
  8898 | D:10     | 8898 ||| Stepping randomly (stuck).
  8899 | D:10     | 8899 ||| Stepping randomly (stuck).
  8900 | D:10     | 8900 ||| Stepping randomly (stuck).
  8902 | D:10     | 8902 ||| Stepping randomly (stuck).
  8904 | D:10     | 8904 ||| Stepping randomly (stuck).
  8905 | D:10     | 8905 ||| Stepping randomly (stuck).
  8906 | D:10     | 8906 ||| Stepping randomly (stuck).
  8907 | D:10     | 8907 ||| Stepping randomly (stuck).
  8908 | D:10     | 8908 ||| Stepping randomly (stuck).
  8909 | D:10     | 8909 ||| Stepping randomly (stuck).
  8910 | D:10     | 8910 ||| Stepping randomly (stuck).
  8911 | D:10     | 8911 ||| Stepping randomly (stuck).
  8912 | D:10     | 8912 ||| Stepping randomly (stuck).
  8913 | D:10     | 8913 ||| Stepping randomly (stuck).
  8914 | D:10     | 8914 ||| Stepping randomly (stuck).
  8915 | D:10     | 8915 ||| Stepping randomly (stuck).
  8916 | D:10     | 8916 ||| Stepping randomly (stuck).
  8917 | D:10     | 8917 ||| Stepping randomly (stuck).
  8918 | D:10     | 8918 ||| Stepping randomly (stuck).
  8924 | D:10     | 8924 ||| Stepping randomly (stuck).
  8925 | D:10     | 8925 ||| Stepping randomly (stuck).
  8926 | D:10     | 8926 ||| Stepping randomly (stuck).
  8927 | D:10     | 8927 ||| Stepping randomly (stuck).
  8936 | D:10     | 8936 ||| Stepping randomly (stuck).
  8938 | D:10     | 8938 ||| Stepping randomly (stuck).
  8939 | D:10     | 8939 ||| Stepping randomly (stuck).
  8940 | D:10     | 8940 ||| Stepping ~*~*~tactically~*~*~ (hiding).
  8941 | D:10     | 8941 ||| Stepping ~*~*~tactically~*~*~ (hiding).
  8951 | D:10     | 8951 ||| Stepping randomly (stuck).
  8952 | D:10     | 8952 ||| Stepping randomly (stuck).
  8954 | D:10     | 8954 ||| Stepping randomly (stuck).
  8956 | D:10     | 8956 ||| Stepping randomly (stuck).
  8958 | D:10     | 8958 ||| Stepping randomly (stuck).
  8959 | D:10     | 8959 ||| Stepping randomly (stuck).
  8976 | D:10     | 8976 ||| BUYING scroll of enchant weapon (120 gold).
  8976 | D:10     | Bought a scroll of enchant weapon for 120 gold pieces
  8976 | D:10     | 8976 ||| Stepping randomly (stuck).
  8977 | D:10     | 8977 ||| PLANNING LAIR
  9048 | Lair:1   | Entered Level 1 of the Lair of Beasts
  9082 | Lair:1   | Found a transporter.
  9083 | Lair:1   | Noticed a cacodemon
  9085 | Lair:1   | Noticed qw's ghost (journeyman TeWr)
  9097 | Lair:1   | Found a transporter.
  9102 | Lair:1   | Found a one-way gate to the infinite horrors of the Abyss.
  9230 | Lair:1   | 9230 ||| DRINKING 2 potions of cancellation.
  9333 | Lair:1   | Noticed a rakshasa
  9352 | Lair:1   | Noticed a hell hog
  9361 | Lair:1   | Noticed a spriggan rider
  9535 | Lair:1   | Reached skill level 16 in Unarmed Combat
  9716 | Lair:1   | 9716 ||| DROPPING ring of willpower.
  9717 | Lair:1   | 9717 ||| UPGRADING to +6 ring of strength.
  9719 | Lair:1   | 9719 ||| UPGRADING to +4 ring of evasion.
  9721 | Lair:1   | 9721 ||| UPGRADING to ring of protection from cold.
  9723 | Lair:1   | 9723 ||| UPGRADING to +6 ring of strength.
  9725 | Lair:1   | 9725 ||| DROPPING +6 ring of dexterity.
  9726 | Lair:1   | 9726 ||| DROPPING ring of positive energy.
  9727 | Lair:1   | 9727 ||| DROPPING ring of protection from cold.
  9728 | Lair:1   | 9728 ||| READING scroll labelled HIW ZICSONKOVI.
  9774 | Lair:2   | 9774 ||| Stepping ~*~*~tactically~*~*~ (outnumbered).
  9775 | Lair:2   | 9775 ||| Stepping ~*~*~tactically~*~*~ (outnumbered).
  9776 | Lair:2   | 9776 ||| Stepping ~*~*~tactically~*~*~ (outnumbered).
  9778 | Lair:2   | 9778 ||| Stepping ~*~*~tactically~*~*~ (outnumbered).
  9838 | Lair:2   | Noticed a death yak
  9838 | Lair:2   | Noticed a death yak
  9839 | Lair:2   | 9839 ||| Stepping ~*~*~tactically~*~*~ (stealth).
  9842 | Lair:2   | Noticed a death yak
  9842 | Lair:2   | Noticed a death yak
  9843 | Lair:2   | 9843 ||| INVOKING Fiery Armour.
  9848 | Lair:2   | Killed a death yak
  9849 | Lair:2   | 9849 ||| FLEEEEING.
  9850 | Lair:2   | 9850 ||| FLEEEEING.
  9854 | Lair:2   | Noticed a death yak
  9854 | Lair:2   | 9854 ||| Stepping ~*~*~tactically~*~*~ (outnumbered).
  9854 | Lair:2   | Noticed a death yak
  9855 | Lair:2   | 9855 ||| Stepping ~*~*~tactically~*~*~ (outnumbered).
  9856 | Lair:2   | 9856 ||| Stepping ~*~*~tactically~*~*~ (outnumbered).
  9857 | Lair:2   | 9857 ||| Stepping ~*~*~tactically~*~*~ (outnumbered).
  9858 | Lair:2   | 9858 ||| Stepping ~*~*~tactically~*~*~ (outnumbered).
  9859 | Lair:2   | 9859 ||| Stepping ~*~*~tactically~*~*~ (outnumbered).
  9861 | Lair:2   | 9861 ||| Stepping ~*~*~tactically~*~*~ (outnumbered).
  9862 | Lair:2   | 9862 ||| Stepping ~*~*~tactically~*~*~ (outnumbered).
  9863 | Lair:2   | 9863 ||| Stepping ~*~*~tactically~*~*~ (outnumbered).
  9864 | Lair:2   | 9864 ||| Stepping ~*~*~tactically~*~*~ (outnumbered).
  9867 | Lair:2   | 9867 ||| Stepping ~*~*~tactically~*~*~ (outnumbered).
  9871 | Lair:2   | Killed a death yak
  9872 | Lair:2   | Reached XP level 12. HP: 117/118 MP: 12/12
  9873 | Lair:2   | Killed a death yak
  9880 | Lair:2   | Killed a death yak
  9885 | Lair:2   | Killed a death yak
  9887 | Lair:2   | 9887 ||| Stepping ~*~*~tactically~*~*~ (stealth).
  9888 | Lair:2   | 9888 ||| Stepping ~*~*~tactically~*~*~ (stealth).
  9912 | Lair:2   | Killed a death yak
 10105 | Lair:2   | 10105 ||| INVOKING Fiery Armour.
 10334 | Lair:2   | 10334 ||| Stepping ~*~*~tactically~*~*~ (stealth).
 10335 | Lair:2   | 10335 ||| Stepping ~*~*~tactically~*~*~ (stealth).
 10336 | Lair:2   | 10336 ||| Stepping ~*~*~tactically~*~*~ (stealth).
 10337 | Lair:2   | 10337 ||| Stepping ~*~*~tactically~*~*~ (stealth).
 10340 | Lair:2   | 10340 ||| Stepping ~*~*~tactically~*~*~ (stealth).
 10355 | Lair:2   | 10355 ||| Stepping ~*~*~tactically~*~*~ (outnumbered).
 10356 | Lair:2   | 10356 ||| Stepping ~*~*~tactically~*~*~ (outnumbered).
 10357 | Lair:2   | 10357 ||| Stepping ~*~*~tactically~*~*~ (outnumbered).
 10358 | Lair:2   | 10358 ||| Stepping ~*~*~tactically~*~*~ (outnumbered).
 10362 | Lair:2   | 10362 ||| Stepping ~*~*~tactically~*~*~ (outnumbered).
 10371 | Lair:2   | Reached skill level 17 in Unarmed Combat
 10619 | Lair:2   | 10619 ||| READING 3 scrolls of identify.
 10619 | Lair:2   | 10619 ||| IDENTIFYING fuming purple potion
 10620 | Lair:2   | 10620 ||| DROPPING potion of magic.
 10638 | Lair:3   | 10638 ||| INVOKING Fiery Armour.
 10639 | Lair:3   | 10639 ||| Stepping ~*~*~tactically~*~*~ (outnumbered).
 10641 | Lair:3   | 10641 ||| STAIRDANCE
 10643 | Lair:2   | 10643 ||| PLANNING TEMPLE
 10643 | Lair:2   | 10643 ||| Stepping ~*~*~tactically~*~*~ (outnumbered).
 10791 | Temple   | Entered the Ecumenical Temple
 10833 | Temple   | 10833 ||| PLANNING CONVERSION TO OKAWARU
 10837 | Temple   | Fell from the grace of Ignis
 10837 | Temple   | Became a worshipper of Warmaster Okawaru
 10838 | Temple   | 10838 ||| PLANNING LAIR
 10990 | Lair:3   | Noticed an eight-headed hydra
 11000 | Lair:3   | Killed a 12-headed hydra
 11061 | Lair:3   | 11061 ||| Stepping ~*~*~tactically~*~*~ (outnumbered).
 11062 | Lair:3   | 11062 ||| Stepping ~*~*~tactically~*~*~ (outnumbered).
 11063 | Lair:3   | 11063 ||| Stepping ~*~*~tactically~*~*~ (outnumbered).
 11064 | Lair:3   | 11064 ||| Stepping ~*~*~tactically~*~*~ (outnumbered).
 11065 | Lair:3   | 11065 ||| Stepping ~*~*~tactically~*~*~ (outnumbered).
 11066 | Lair:3   | 11066 ||| Stepping ~*~*~tactically~*~*~ (outnumbered).
 11067 | Lair:3   | 11067 ||| Stepping ~*~*~tactically~*~*~ (outnumbered).
 11069 | Lair:3   | 11069 ||| FLEEEEING.
 11071 | Lair:3   | 11071 ||| FLEEEEING.
 11073 | Lair:3   | Reached * piety under Okawaru
 11120 | Lair:3   | 11120 ||| INVOKING Heroism.
 11153 | Lair:3   | Found a staircase to the Swamp.
 11157 | Lair:3   | 11157 ||| INVOKING Heroism.
 11168 | Lair:3   | Reached skill level 1 in Invocations
 11287 | Lair:3   | 11287 ||| INVOKING Heroism.
 11343 | Lair:3   | 11343 ||| Stepping ~*~*~tactically~*~*~ (stealth).
 11346 | Lair:3   | 11346 ||| INVOKING Heroism.
 11348 | Lair:3   | 11348 ||| Stepping ~*~*~tactically~*~*~ (stealth).
 11368 | Lair:3   | 11368 ||| DRINKING potion of cancellation.
 11382 | Lair:3   | Found a runed translucent gate.
 11382 | Lair:3   | Found a runed translucent gate.
 11382 | Lair:3   | Found a runed translucent gate.
 11382 | Lair:3   | Noticed a boulder beetle
 11463 | Lair:3   | 11463 ||| Stepping ~*~*~tactically~*~*~ (hiding).
 11497 | Lair:3   | 11497 ||| INVOKING Heroism.
 11502 | Lair:3   | Reached skill level 18 in Unarmed Combat
 11508 | Lair:3   | Reached ** piety under Okawaru
 11557 | Lair:3   | Found a staircase to the Snake Pit.
 11559 | Lair:3   | 11559 ||| Stepping ~*~*~tactically~*~*~ (stealth).
 11564 | Lair:3   | Reached XP level 13. HP: 112/124 MP: 14/14
 11612 | Lair:3   | 11612 ||| INVOKING Heroism.
 11617 | Lair:3   | Reached skill level 3 in Invocations
 11699 | Lair:3   | Noticed qw's ghost (journeyman TrCA)
 11699 | Lair:3   | Noticed a minotaur
 11853 | Lair:3   | 11853 ||| INVOKING Heroism.
 11965 | Lair:3   | 11965 ||| UPGRADING to ring of see invisible.
 12040 | Lair:4   | 12040 ||| INVOKING Heroism.
 12159 | Lair:4   | 12159 ||| INVOKING Heroism.
 12168 | Lair:4   | 12168 ||| Stepping ~*~*~tactically~*~*~ (stealth).
 12169 | Lair:4   | 12169 ||| Stepping ~*~*~tactically~*~*~ (stealth).
 12177 | Lair:4   | 12177 ||| Stepping ~*~*~tactically~*~*~ (outnumbered).
 12177 | Lair:4   | HP: 23/124 [eight-headed hydra (9)]
 12178 | Lair:4   | 12178 ||| READING 2 scrolls of teleportation.
 12178 | Lair:4   | HP: 7/124 [eight-headed hydra (11)]
 12179 | Lair:4   | 12179 ||| Stepping ~*~*~tactically~*~*~ (outnumbered).
 12182 | Lair:4   | 12182 ||| READING scroll of teleportation.
 12183 | Lair:4   | 12183 ||| INVOKING Heroism.
 12185 | Lair:4   | Reached skill level 3 in Armour
 12186 | Lair:4   | HP: 14/124 [bullfrog (5)]
 12338 | Lair:4   | 12338 ||| Stepping ~*~*~tactically~*~*~ (stealth).
 12339 | Lair:4   | 12339 ||| Stepping ~*~*~tactically~*~*~ (stealth).
 12345 | Lair:4   | 12345 ||| Stepping ~*~*~tactically~*~*~ (stealth).
 12346 | Lair:4   | 12346 ||| Stepping ~*~*~tactically~*~*~ (stealth).
 12348 | Lair:4   | 12348 ||| INVOKING Heroism.
 12351 | Lair:4   | 12351 ||| DRINKING potion of cancellation.
 12446 | Lair:4   | 12446 ||| Stepping ~*~*~tactically~*~*~ (stealth).
 12448 | Lair:4   | 12448 ||| INVOKING Heroism.
 12451 | Lair:4   | 12451 ||| Stepping ~*~*~tactically~*~*~ (outnumbered).
 12608 | Lair:4   | 12608 ||| INVOKING Heroism.
 12829 | Lair:4   | 12829 ||| INVOKING Heroism.
 12836 | Lair:4   | Reached *** piety under Okawaru
 12910 | Lair:4   | 12910 ||| READING 4 scrolls of identify.
 12910 | Lair:4   | 12910 ||| IDENTIFYING clear potion
 12945 | Lair:5   | Entered Level 5 of the Lair of Beasts
 12946 | Lair:5   | 12946 ||| INVOKING Heroism.
 12951 | Lair:5   | 12951 ||| STAIRDANCE
 12953 | Lair:4   | 12953 ||| Stepping ~*~*~tactically~*~*~ (outnumbered).
 12965 | Lair:5   | 12965 ||| STAIRDANCE
 12966 | Lair:5   | 12966 ||| STAIRDANCE
 12968 | Lair:4   | 12968 ||| Stepping ~*~*~tactically~*~*~ (outnumbered).
 12969 | Lair:4   | 12969 ||| Stepping ~*~*~tactically~*~*~ (outnumbered).
 12971 | Lair:4   | 12971 ||| Stepping ~*~*~tactically~*~*~ (outnumbered).
 12972 | Lair:4   | 12972 ||| Stepping ~*~*~tactically~*~*~ (outnumbered).
 13106 | Lair:5   | 13106 ||| Stepping ~*~*~tactically~*~*~ (stealth).
 13110 | Lair:5   | 13110 ||| INVOKING Heroism.
 13112 | Lair:5   | Received a gift from Okawaru
 13137 | Lair:5   | Reached **** piety under Okawaru
 13161 | Lair:5   | Found a viscous altar of Jiyva.
 13161 | Lair:5   | Found a staircase to the Slime Pits.
 13168 | Lair:5   | 13168 ||| INVOKING Heroism.
 13214 | Lair:5   | Noticed Nessos
 13215 | Lair:5   | 13215 ||| Stepping ~*~*~tactically~*~*~ (hiding).
 13216 | Lair:5   | 13216 ||| Stepping ~*~*~tactically~*~*~ (outnumbered).
 13220 | Lair:5   | 13220 ||| Stepping ~*~*~tactically~*~*~ (hiding).
 13225 | Lair:5   | 13225 ||| Stepping ~*~*~tactically~*~*~ (hiding).
 13226 | Lair:5   | 13226 ||| Stepping ~*~*~tactically~*~*~ (hiding).
 13227 | Lair:5   | 13227 ||| Stepping ~*~*~tactically~*~*~ (hiding).
 13228 | Lair:5   | 13228 ||| INVOKING Heroism.
 13229 | Lair:5   | HP: 24/127 [Nessos/arrow (18)]
 13230 | Lair:5   | 13230 ||| Stepping ~*~*~tactically~*~*~ (hiding).
 13231 | Lair:5   | 13231 ||| READING scroll of teleportation.
 13231 | Lair:5   | HP: 10/127 [poisoned by Nessos]
 13232 | Lair:5   | 13232 ||| DRINKING potion of heal wounds.
 13233 | Lair:5   | Slain by a wyvern

Levels and vault maps discovered:
D:1:      erik_arrival_blinker_ship, layout_basic, patterned_corridor
D:2:      layout_loops_ring, ebering_ecumenical_altar_sacrificial
D:3:      layout_rooms, serial_bayou_lagoon_b
D:4:      layout_loops_cross, serial_shops, nicolae_shop_waterfront,
          nicolae_ossuary_entry_catacombs, serial_glass, glass_columns_b,
          glass_columns_c, glass_columns_a, glass_columns_b, glass_columns_b,
          glass_columns_a, glass_columns_a, glass_columns_a, glass_columns_c,
          glass_columns_a, grunt_decor_arrowhead, uniq_sigmund
D:5:      layout_gridville, nicolae_overflow_hallway_of_the_gods, zin_academy,
          serial_shops, shop, nicolae_grassy_gnolls, uniq_pikel
D:6:      layout_basic, minmay_temple_entry_junction_2, serial_shops,
          nicolae_shop_stone
D:7:      minmay_the_grid_four_pointed_star
          [minmay_the_grid_triangle_9x9_limited_checkers,
          minmay_the_grid_triangle_9x9_cache,
          minmay_the_grid_triangle_9x9_steps,
          minmay_the_grid_triangle_9x9_wacky_v,
          minmay_the_grid_prize_diamond_cup], layout_basic, serial_shops,
          nicolae_shop_trees, shop_statue
D:8:      layout_loops_cross, uniq_amaemon
D:9:      layout_rooms, serial_shops, shop
D:10:     layout_loops_ring, grunt_lair_entry_orc_guard_hut, enter_bailey_2,
          serial_shops, nicolae_inconvenience_store
Temple:   nicolae_temple_bog_church
Lair:1:   layout_cave_pods, gammafunk_ghost_abyssal_escape
Lair:2:   layout_chaotic_city, nicolae_lair_grove_arrangements,
          serial_bayou_crossing, grunt_megastairs_3
Lair:3:   layout_regular_city, minmay_swamp_entry_worms,
          guppyfry_snake_entry_garden, maelrawn_ghost_gauntlet_escape
Lair:4:   layout_loops_ring, lemuel_old_faithful
Lair:5:   grunt_lair_end_beastmaster, layout_regular_city, slime_entry_1,
          serial_bayou_shore_b, serial_bayou_shore_a, serial_bayou_shore_b,
          uniq_nessos

Skill      XL: |  1  2  3  4  5  6  7  8  9 10 11 12 13 |
---------------+----------------------------------------+-----
Unarmed Combat | 4 5 6 7 8 10 12 14 16 18 | 18.4
Throwing       | 1 2 3 4 5 6 7 8 |  8.1
Dodging        | 1 2 3 |  3.0
Fighting       | 3 4 5 6 7 8 |  8.0
Armour         | 2 3 |  3.1
Invocations    | 2 4 |  4.1
Spellcasting   | |  1.0
Fire Magic     | |  2.1

Action                   |  1- 3 |  4- 6 |  7- 9 | 10-12 | 13-15 || total
-------------------------+-------+-------+-------+-------+-------++-------
Melee: Unarmed           |    76 |    62 |   265 |   433 |   142 ||   978
       Punch             |     1 |     3 |    16 |    39 |    13 ||    72
Throw: Large rock        |       |    27 |    41 |    80 |    19 ||   167
       Javelin           |       |       |       |       |     2 ||     2
Invok: Fiery Armour      |     1 |     2 |     3 |     7 |       ||    13
       Heroism           |       |       |       |     5 |    13 ||    18
  Use: Scroll            |     2 |     3 |     9 |    13 |     4 ||    31
       Potion            |       |     2 |     2 |     3 |     2 ||     9
Armor: Robe              |    27 |    11 |    62 |    93 |       ||   193
       Steam dragon scal |       |       |       |    57 |       ||    57
       Acid dragon scale |       |       |       |    51 |    58 ||   109
Dodge: Dodged            |    23 |    22 |    98 |   203 |    95 ||   441
       Repelled          |       |       |       |       |     1 ||     1

Table legend:
 A = Non-vault XP
 B = Vault XP
 C = Vault XP percentage of total XP
 D = Non-vault monster count
 E = Vault monster count
 F = Vault count percentage of total count
                 A         B        C        D         E       F
            +---------+---------+-------+---------+---------+-------
      Total |   45988 |    6172 |  11.8 |     362 |      37 |   9.3
            +---------+---------+-------+---------+---------+-------
        D:1 |      32 |       0 |   0.0 |      17 |       0 |   0.0
        D:2 |     107 |       0 |   0.0 |      21 |       0 |   0.0
        D:3 |     383 |       0 |   0.0 |      29 |       0 |   0.0
        D:4 |     175 |     544 |  75.7 |      18 |       7 |  28.0
        D:5 |     880 |     873 |  49.8 |      31 |       8 |  20.5
        D:6 |     807 |       0 |   0.0 |      20 |       0 |   0.0
        D:7 |    1813 |    2406 |  57.0 |      29 |      12 |  29.3
        D:8 |    2576 |    1196 |  31.7 |      27 |       2 |   6.9
        D:9 |    2265 |       0 |   0.0 |      35 |       0 |   0.0
       D:10 |    2755 |     525 |  16.0 |      18 |       4 |  18.2
     Lair:1 |    2523 |       0 |   0.0 |      14 |       0 |   0.0
     Lair:2 |   10985 |     151 |   1.4 |      25 |       1 |   3.8
     Lair:3 |    7651 |     477 |   5.9 |      31 |       3 |   8.8
     Lair:4 |    8015 |       0 |   0.0 |      30 |       0 |   0.0
     Lair:5 |    5021 |       0 |   0.0 |      17 |       0 |   0.0
            +---------+---------+-------+---------+---------+-------
